 Dungeon Crawl Stone Soup version 0.29.1-2-gbd0b4ee654 (webtiles) character file.

Game seed: 7091390716809608002

89 Henri the Sneak (level 4, 0/22 HPs)
             Began as a Vine Stalker Enchanter on Oct 29, 2022.
             Slain by a gnoll
             ... wielding a +0 club
              (4 damage)
             ... on level 2 of the Dungeon.
             The game lasted 00:08:55 (2236 turns).

Henri the Sneak (Vine Stalker Enchanter)            Turns: 2236, Time: 00:08:55

Health: 0/22       AC:  2    Str: 11    XL:     4   Next: 55%
Magic:  0/8        EV: 12    Int: 17    God:
Gold:   187        SH:  0    Dex: 14    Spells: 2/7 levels left

rFire   . . .      SeeInvis .   a - +1 dagger
rCold   . . .      Faith    .   (no shield)
rNeg    . . .      Spirit   +   b - +0 robe
rPois   .          Reflect  .   (no helmet)
rElec   .          Harm     .   (no cloak)
rCorr   .          Rampage  .   (no gloves)
Will    .....                   (no boots)
Stlth   +++.......              (no amulet)
HPRegen 0.87/turn               (no ring)
MPRegen 0.11/turn               (no ring)

@: no status effects
A: fangs 2, regeneration 1, magic shield, antimagic bite, no potion heal 2
a: no special abilities


You were on level 2 of the Dungeon.
You visited 1 branch of the dungeon, and saw 3 of its levels.

You collected 187 gold pieces.

Inventory:

Hand Weapons
 a - a +1 dagger (weapon)
Armour
 b - a +0 robe (worn)
Scrolls
 d - a scroll of blinking {unknown}
 e - a scroll of identify
 i - a scroll of torment {unknown}
 j - a scroll of immolation {unknown}
 l - a scroll of poison {unknown}
Potions
 c - 2 potions of invisibility
 f - 3 potions of curing
 g - a potion of haste
 h - a potion of degeneration
 k - 3 potions of flight


   Skills:
 + Level 1.5 Fighting
 + Level 2.0 Short Blades
 - Level 1.5 Dodging
 * Level 5.3 Stealth
 - Level 2.1 Spellcasting
 - Level 3.0 Hexes


You had 2 spell levels left.
You knew the following spells:

 Your Spells              Type           Power      Damage    Failure   Level
a - Confusing Touch       Hex            12%        N/A       17%         3
b - Ensorcelled Hibernat  Hex/Ice        12%        N/A       16%         2

Your spell library contained the following spells:

 Spells                   Type           Power      Damage    Failure   Level
 Sublimation of Blood     Necr           1%         N/A       28%         2
 Wereblood                Tmut           1%         N/A       28%         2
 Tukima's Dance           Hex            12%        N/A       17%         3
 Dazzling Flash           Conj/Hex       12%        N/A       30%         3
 Ozocubu's Armour         Ice            1%         N/A       50%         3
 Ozocubu's Refrigeration  Ice            0%         4d7       100%        7
 Summon Hydra             Summ           0%         N/A       100%        7


Dungeon Overview and Level Annotations

Branches:
Dungeon (3/15)

Altars:


Innate Abilities, Weirdness & Mutations

You have extremely sharp teeth.
Your natural rate of healing is unusually fast.
When hurt, damage is shared between your health and your magic reserves.
Your bite disrupts and absorbs the magic of your enemies.
Potions cannot restore your health.


Message History

There is a stone staircase leading up here.
There is a stone staircase leading down here.
You climb downwards.
The gnoll shouts! x2; You hear a shout!
There is a stone staircase leading up here.
There are monsters nearby!
A gnoll comes into view. It is wielding a +0 flail.
A gnoll comes into view. It is wielding a +0 whip.
The gnoll shouts!
The gnoll hits you with a +0 club. The gnoll closely misses you.
You climb upwards.
There is a stone staircase leading down here.
You hit the gnoll.
The gnoll is lightly wounded.
You barely miss the gnoll.
The gnoll is lightly wounded.
The gnoll hits you with a +0 club. x2
You barely miss the gnoll.
The gnoll is lightly wounded.
The gnoll hits you with a +0 club. The gnoll completely misses you.
You closely miss the gnoll. You bite the gnoll, but do no damage.
The gnoll is lightly wounded.
The gnoll hits you with a +0 club! x2
* * * LOW HITPOINT WARNING * * *
You closely miss the gnoll. Your bite misses the gnoll.
The gnoll is lightly wounded.
The gnoll hits you with a +0 club.
* * * LOW HITPOINT WARNING * * *
The gnoll closely misses you.
Casting: Ensorcelled Hibernation (safe; 16% risk of failure)
Confirm with . or Enter, or press ? or * to list all spells.
You don't have enough magic to cast this spell.
Unknown command.
You closely miss the gnoll.
The gnoll is lightly wounded.
The gnoll misses you. The gnoll hits you but does no damage.
You hit the gnoll.
The gnoll is heavily wounded.
The gnoll barely misses you. The gnoll hits you with a +0 club.
You die...

###.#### ##.## #..#####
.......########...########.......
###.##.............##...###.#####
# #.##.######.#...###.....<.# #
#........##.##.####...#####
######.###.............##
.......######.##.#######
######........##g# ###########@#
##### #g# ##...## #.# ##.###.##
#.# #######
######.#####.###.###### #......
.......##.............# #.#####
######.##.##.###.####.#####.### #
# #........#...###.........# # #
####.#...##......########.#.# #


You could see 2 gnolls.

Vanquished Creatures
  4 adders (D:2)
  2 worms (D:2)
  2 dart slugs
  5 bats
  2 endoplasms
  2 giant cockroaches (D:2)
  4 goblins
  4 hobgoblins
  2 jackals (D:1)
  3 kobolds
  5 ball pythons
  3 frilled lizards (D:2)
  6 rats
44 creatures vanquished.

Notes
Turn   | Place    | Note
-------+----------+-------------------------------------------
     0 | D:1      | Henri the Vine Stalker Enchanter began the quest for the
                  | Orb.
     0 | D:1      | Reached XP level 1. HP: 9/9 MP: 4/4
    35 | D:1      | Reached skill level 1 in Short Blades
    74 | D:1      | Reached skill level 4 in Stealth
    92 | D:1      | Reached XP level 2. HP: 12/14 MP: 4/6
    95 | D:1      | Learned a level 2 spell: Ensorcelled Hibernation
   228 | D:1      | Found a faded altar of an unknown god.
   927 | D:2      | Reached XP level 3. HP: 17/17 MP: 7/7
   931 | D:2      | Learned a level 3 spell: Confusing Touch
  1000 | D:2      | Reached skill level 1 in Fighting
  1455 | D:2      | Reached skill level 5 in Stealth
  1477 | D:2      | Gained mutation: Your natural rate of healing is unusually
                  | fast. [Vine Stalker growth]
  1477 | D:2      | Reached XP level 4. HP: 22/22 MP: 2/8
  2236 | D:2      | Slain by a gnoll

Illustrated notes

Levels and vault maps discovered:
D:1:      minmay_arrival_radiant_lines, layout_basic,
          dilly_ecumenical_altar_fadedgnrine,
          nicolae_concentric_dashed_squares_mild
D:2:      layout_loops_corners, minmay_indecisive_spiral
D:3:      layout_basic, mainiacjoe_overflow_brackets, old_standard_altar,
          uniq_terence

Skill      XL: |  1  2  3  4 |
---------------+-------------+-----
Short Blades   | 1 2 |  2.0
Stealth        | 4 5 |  5.3
Fighting       | 1 |  1.5
Dodging        | |  1.5
Spellcasting   | |  2.1
Hexes          | |  3.0

Action                   |  1- 3 |  4- 6 || total
-------------------------+-------+-------++-------
Melee: Dagger            |    78 |    51 ||   129
       Bite              |    16 |     9 ||    25
 Cast: Ensorcelled Hiber |     9 |     4 ||    13
  Use: Scroll            |     3 |     1 ||     4
 Stab: Sleeping          |    13 |     5 ||    18
Armor: Robe              |     6 |    18 ||    24
Dodge: Dodged            |    28 |    36 ||    64
